Map: Lightshade LE

Players

Serral - Winner!

  • Race: Zerg Zerg

Reynor

  • Race: Zerg Zerg

Event: DreamHack SC2 Masters 2021 Fall

VOD

Have the link to the VOD?

Description

Time

  • Played on: Aug. 13, 2021, 1:02 p.m.
  • Length: 14:56

All games in this series

Show
View Real Time Build Order
Export as new Build Order

Serral Zerg - Winner!

Build Orders: Hatch First, Lurkers 

Get SALT Encoding   

  12  0:00  Drone  
  13  0:12  Overlord  
  13  0:17  Drone  
  14  0:31  Drone x2  
  16  0:48  Hatchery  
  15  0:51  Drone  
  15  0:54  Drone  
  17  0:58  Drone  
  18  1:08  Extractor  
  17  1:13  Spawning Pool  
  17  1:16  Drone  
  17  1:19  Drone  
  18  1:28  Drone  
  19  1:39  Drone  
  20  1:49  Drone  
  21  1:59  Queen x2  
  21  2:00  Zergling x2, Overlord  
  26  2:10  Drone  
  26  2:11  Drone  
  26  2:13  Metabolic Boost  
  28  2:21  Drone x2  
  30  2:35  Hatchery  
  29  2:37  Drone  
  29  2:38  Drone  
  31  2:45  Queen  
  31  2:50  Baneling Nest  
  32  2:54  Overlord  
  32  2:56  Drone  
  33  2:58  Drone  
  33  3:01  Drone  
  33  3:04  Zergling x2  
  36  3:08  Overlord  
  36  3:13  Drone x2  
  36  3:16  Drone  
  36  3:18  Zergling x4  
  41  3:24  Zergling x2  
  41  3:26  Overlord  
  42  3:28  Drone  
  42  3:29  Drone  
  42  3:33  Baneling  
  42  3:34  Evolution Chamber  
  43  3:39  Zergling x2  
  43  3:40  Drone x2  
  43  3:41  Drone  
  47  3:44  Drone  
  47  3:48  Drone x2  
  49  3:55  Roach Warren  
  49  3:56  Drone  
  49  3:57  Drone  
  49  3:59  Zerg Missile Weapons Level 1  
  50  4:03  Zergling x2  
  50  4:05  Drone x2  
  50  4:07  Drone  
  50  4:08  Drone  
  55  4:10  Drone  
  55  4:15  Lair  
  56  4:18  Drone, Extractor x2  
  56  4:19  Drone  
  56  4:20  Drone  
  56  4:22  Drone  
  56  4:24  Baneling, Zergling x2  
  58  4:27  Drone x2  
  58  4:30  Zergling x2  
  62  4:31  Overlord  
  62  4:33  Drone  
  63  4:39  Overlord  
  63  4:44  Drone x2  
  63  4:45  Overlord  
  64  4:46  Drone  
  64  4:49  Drone  
  64  4:51  Drone x3  
  64  4:52  Overlord  
  68  4:54  Drone  
  68  4:55  Drone  
  68  4:56  Zergling x2  
  68  4:57  Zergling x4  
  72  5:01  Overlord  
  72  5:04  Baneling x2, Overlord  
  71  5:07  Roach  
  71  5:08  Extractor  
  71  5:12  Roach  
  71  5:13  Drone x2  
  76  5:14  Drone  
  76  5:17  Glial Reconstitution  
  75  5:23  Roach x2  
  78  5:29  Drone x3  
  78  5:33  Extractor  
  78  5:34  Extractor  
  78  5:35  Drone  
  80  5:36  Roach, Drone x2  
  80  5:40  Hatchery, Drone x2, Pneumatized Carapace  
  80  5:42  Overseer  
  85  5:47  Roach  
  85  5:48  Roach x2  
  88  5:51  Drone x2  
  88  5:53  Roach x2  
  94  5:58  Zerg Missile Weapons Level 2  
  94  6:02  Roach x2  
  94  6:03  Roach  
  100  6:07  Overlord  
  100  6:10  Overlord  
  100  6:18  Baneling x4, Roach  
  100  6:19  Roach x4  
  110  6:25  Overlord  
  110  6:26  Overlord x2  
  110  6:29  Drone  
  110  6:31  Evolution Chamber  
  110  6:32  Roach x2  
  114  6:42  Roach, Drone  
  114  6:43  Roach x3  
  114  6:44  Infestation Pit  
  119  6:56  Roach x8  
  119  7:01  Zerg Ground Armor Level 1  
  135  7:05  Overlord  
  135  7:10  Queen x2  
  135  7:11  Queen  
  143  7:21  Roach x3  
  143  7:22  Roach  
  149  7:25  Drone  
  149  7:26  Roach x2  
  149  7:29  Ravager  
  153  7:32  Spore Crawler  
  153  7:33  Infestor x2  
  153  7:36  Overlord  
  156  7:40  Overlord  
  156  7:43  Overlord x2  
  156  7:45  Spore Crawler  
  156  7:46  Spore Crawler  
  156  7:50  Spore Crawler  
  151  7:52  Drone  
  151  7:56  Overlord x2, Ravager  
  153  8:00  Drone x5  
  153  8:01  Drone x2  
  153  8:05  Roach x3  
  166  8:10  Roach x3  
  166  8:11  Roach  
  172  8:15  Infestor  
  172  8:19  Overlord  
  174  8:22  Roach x4  
  179  8:28  Hydralisk Den  
  179  8:32  Overlord x2, Ravager x3  
  181  8:41  Roach x6  
  188  8:50  Roach x5  
  188  8:55  Drone x4  
  198  9:00  Grooved Spines  
  196  9:03  Drone x4  
  199  9:17  Hive  
  199  9:19  Lurker Den  
  194  9:33  Hydralisk x2  
  194  9:34  Hydralisk x2  
  198  9:40  Zerg Ground Armor Level 2  
  198  9:44  Hydralisk x2  
  200  9:49  Extractor x2  
  200  9:51  Drone x2  
  200  9:57  Overlord x2  
  200  10:00  Overlord  
  200  10:01  Overlord  
  196  10:11  Muscular Augments  
  196  10:13  Overlord  
  184  10:19  Hydralisk x8  
  190  10:24  Roach x5  
  174  10:32  Roach x7  
  174  10:33  Roach  
  155  10:43  Roach x5  
  165  10:50  Roach  
  165  10:51  Zerg Missile Weapons Level 3  
  165  10:55  Seismic Spines  
  159  11:01  Lurker  
  159  11:02  Lurker  
  161  11:05  Lurker  
  161  11:07  Roach x5  
  161  11:11  Lurker  
  173  11:15  Roach x3  
  173  11:16  Roach  
  175  11:26  Roach x5  
  185  11:36  Lurker x3  
  188  11:52  Adaptive Talons  
  188  11:59  Hydralisk  
  188  12:00  Hydralisk x6  
  200  12:22  Hydralisk  
  195  12:38  Hydralisk x5  
  195  13:04  Hydralisk  
  195  13:05  Hydralisk x2  
  190  13:06  Roach x5  
  190  13:12  Hatchery  
  175  13:15  Roach x18  
  200  13:31  Roach x3  
  198  13:39  Viper x2  
  190  13:58  Lurker x5  
  190  13:59  Lurker x4  
  195  14:04  Roach  
  195  14:05  Roach  
  189  14:32  Roach x8  
  189  14:33  Roach  
  189  14:35  Roach x3  
  189  14:36  Roach  
Show
View Real Time Build Order
Export as new Build Order

Reynor Zerg 

Build Orders: Hatch First 

Get SALT Encoding   

  12  0:00  Drone  
  13  0:12  Overlord  
  13  0:16  Drone  
  14  0:30  Drone x2  
  16  0:48  Hatchery  
  15  0:50  Drone  
  15  0:53  Drone  
  17  0:57  Drone  
  18  1:07  Extractor  
  17  1:12  Spawning Pool  
  17  1:15  Drone  
  18  1:18  Drone  
  18  1:27  Drone  
  19  1:38  Drone  
  20  1:48  Drone  
  21  1:59  Overlord  
  21  2:00  Queen x2  
  21  2:01  Drone  
  26  2:07  Metabolic Boost  
  26  2:10  Drone x2  
  28  2:21  Zergling x2  
  28  2:22  Drone  
  30  2:35  Drone, Hatchery  
  30  2:36  Drone  
  31  2:43  Drone x2  
  33  2:47  Baneling Nest  
  32  2:53  Overlord  
  32  2:55  Drone  
  33  3:00  Queen  
  33  3:04  Drone  
  36  3:11  Overlord  
  38  3:12  Drone x2  
  38  3:13  Zergling x2  
  38  3:16  Zergling x2  
  38  3:17  Zergling x2  
  41  3:21  Evolution Chamber  
  41  3:23  Zergling x2  
  41  3:25  Drone  
  42  3:27  Drone  
  42  3:30  Drone  
  42  3:33  Overlord  
  44  3:35  Baneling x2  
  44  3:39  Drone x2  
  44  3:40  Drone  
  47  3:45  Drone x3  
  47  3:46  Drone  
  51  3:50  Zerg Missile Weapons Level 1  
  51  3:51  Drone  
  51  3:55  Drone x2  
  54  4:02  Roach Warren  
  53  4:04  Overlord  
  53  4:06  Drone  
  53  4:10  Drone x3  
  53  4:13  Extractor  
  53  4:14  Drone, Extractor  
  53  4:17  Overlord  
  55  4:18  Drone  
  55  4:23  Drone x3  
  59  4:27  Overlord  
  59  4:28  Lair  
  59  4:33  Drone x3  
  59  4:34  Drone  
  59  4:37  Zergling x4  
  65  4:39  Overlord  
  65  4:48  Overlord  
  65  4:59  Drone  
  65  5:02  Overlord  
  65  5:04  Drone  
  65  5:05  Drone x5  
  70  5:07  Drone  
  70  5:08  Extractor  
  70  5:10  Drone  
  70  5:11  Drone  
  72  5:14  Overlord  
  72  5:19  Drone x3  
  75  5:21  Extractor  
  75  5:23  Overlord, Extractor  
  75  5:25  Zergling x6  
  75  5:27  Glial Reconstitution  
  76  5:30  Baneling x3  
  76  5:32  Overlord  
  76  5:33  Drone  
  76  5:34  Drone  
  77  5:36  Hatchery  
  77  5:37  Overseer  
  77  5:40  Overlord  
  77  5:41  Drone  
  77  5:44  Spire  
  77  5:47  Zerg Missile Weapons Level 2  
  77  5:48  Drone x4  
  77  5:49  Drone  
  73  5:50  Drone  
  73  5:51  Drone, Hatchery  
  73  5:52  Drone  
  73  5:55  Roach  
  76  6:04  Roach  
  76  6:06  Roach x2  
  76  6:07  Roach x3  
  88  6:15  Roach x4  
  88  6:16  Drone  
  97  6:19  Drone  
  97  6:23  Roach x3  
  104  6:28  Overlord  
  104  6:33  Roach  
  104  6:37  Roach x4  
  114  6:41  Roach x4  
  121  6:48  Roach  
  114  6:55  Drone x2  
  114  6:56  Drone  
  114  6:57  Overlord  
  114  6:58  Mutalisk  
  117  7:01  Mutalisk x2  
  117  7:03  Mutalisk x2  
  117  7:06  Roach x2  
  131  7:08  Roach x2  
  133  7:16  Roach x3  
  133  7:21  Drone x4  
  141  7:24  Drone x2  
  141  7:29  Drone x3  
  146  7:30  Overlord  
  144  7:38  Drone x5  
  144  7:43  Roach x2  
  144  7:44  Roach x2  
  155  7:50  Overlord  
  155  7:53  Roach x3  
  161  7:58  Overlord  
  161  8:02  Ravager x4  
  161  8:03  Roach x2  
  161  8:04  Roach x3  
  161  8:05  Overlord  
  175  8:08  Roach x3  
  175  8:10  Overlord  
  179  8:17  Roach x4  
  185  8:21  Roach x3  
  185  8:26  Zerg Ground Armor Level 1  
  189  8:28  Roach x3  
  189  8:33  Roach x3  
  199  8:50  Infestation Pit  
  199  8:51  Extractor  
  193  8:58  Mutalisk  
  193  8:59  Roach x4  
  193  9:01  Drone  
  200  9:03  Extractor  
  197  9:12  Roach, Hatchery  
  181  9:35  Roach x13  
  181  9:36  Roach x3  
  196  9:40  Roach x2  
  194  9:48  Hive  
  194  9:52  Evolution Chamber  
  193  10:01  Roach x3  
  199  10:12  Roach  
  199  10:13  Roach  
  197  10:18  Roach  
  191  10:24  Roach x11  
  191  10:27  Roach x3  
  191  10:28  Roach  
  187  10:30  Roach x2  
  187  10:32  Roach  
  187  10:34  Queen  
  167  10:41  Roach x3  
  159  10:46  Roach  
  159  10:49  Roach x2  
  143  10:51  Roach  
  143  10:54  Roach  
  143  10:56  Ravager, Zerg Ground Armor Level 2  
  144  10:58  Roach x2  
  144  10:59  Ravager x7  
  144  11:00  Roach  
  144  11:01  Roach x3  
  165  11:04  Roach  
  165  11:09  Roach x2  
  169  11:12  Roach  
  169  11:14  Queen  
  169  11:18  Roach x4  
  181  11:25  Roach x3  
  179  11:26  Hatchery  
  179  11:29  Overseer  
  179  11:30  Viper  
  179  11:32  Drone x5  
  186  11:34  Drone  
  186  11:39  Viper  
  187  11:43  Overseer  
  187  11:45  Drone  
  187  11:46  Drone x3  
  194  11:47  Drone x4  
  194  11:50  Spore Crawler  
  194  11:51  Viper  
  194  11:52  Overseer  
  194  12:19  Viper x2  
  199  12:31  Overlord  
  186  12:37  Overlord  
  186  12:40  Roach x9  
  197  12:45  Overlord  
  197  12:48  Roach x2  
  191  12:56  Overseer  
  155  13:12  Roach  
  155  13:13  Roach x8  
  160  13:20  Roach x4  
  160  13:26  Roach x2  
  170  13:32  Roach  
  170  13:33  Roach x2  
  161  13:34  Overseer  
  161  13:36  Roach x2  
  161  13:40  Ravager  
  161  13:41  Ravager  
  165  13:47  Roach x4  
  173  13:53  Roach x2  
  177  13:58  Roach Warren  
  177  14:02  Overlord  
  176  14:11  Overseer x2  

Tags
 
Add a new tag
Caveats
  • Supply blocks, unpowered buildings, or Contaminate may cause inaccurate times.
  • Supply counts are checked every 10 seconds.